 Dungeon Crawl Stone Soup version 0.21-a0-50-g941c862 (webtiles) character file.

550 graymark the Distorting Demonspawn (level 7, -5/55 HPs)
             Began as a Demonspawn Abyssal Knight on June 11, 2017.
             Was a Believer of Lugonu.
             Slain by an ogre
             ... wielding a +0 giant spiked club
              (21 damage)
             ... on level 4 of the Dungeon.
             The game lasted 00:17:26 (4356 turns).

graymark the Distorting Demonspawn (DsAK)           Turns: 4356, Time: 00:17:27

Health: -5/55      AC:  4    Str: 17    XL:     7   Next: 7%
Magic:  11/11      EV: 13    Int: 14    God:    Lugonu [**....]
Gold:   113        SH:  0    Dex: 12    Spells: 6/6 levels left

rFire    . . .     SeeInvis .   d - +7 mace "Olotuek" {crush, rElec MR+ Str+3}
rCold    + . .     Gourm    .   (no shield)
rNeg     . . .     Faith    .   b - +0 leather armour
rPois    .         Spirit   .   (no helmet)
rElec    +         Reflect  .   (no cloak)
rCorr    .         Harm     .   (no gloves)
MR       +....                  w - +0 pair of boots
Stlth    +.........             f - amulet of magic regeneration
Regen    0.2/turn               (no ring)
MPRegen  0.2/turn               (no ring)

@: no status effects
A: claws 1, cold resistance 1, rot immunity
a: Depart the Abyss, Bend Space, Renounce Religion


You were on level 4 of the Dungeon.
You worshipped Lugonu.
Lugonu was pleased with you.
You were not hungry.

You visited 1 branch of the dungeon, and saw 4 of its levels.
You visited the Abyss 1 time.

You collected 113 gold pieces.

Inventory:

Hand Weapons
 a - a +1 hand axe
 d - the +7 mace "Olotuek" (weapon) {crush, rElec MR+ Str+3}
   (You found it on level 2 of the Abyss)

   It inflicts extra damage upon your enemies.
   It affects your strength (+3).
   It insulates you from electricity.
   It affects your resistance to hostile enchantments.
Armour
 b - a +0 leather armour (worn)
 s - a +0 buckler
 w - a +0 pair of boots (worn)
Jewellery
 f - an amulet of magic regeneration (around neck)
Scrolls
 e - 4 scrolls of remove curse
 g - a scroll of amnesia {unknown}
 l - 2 scrolls of teleportation
 m - a scroll of enchant weapon {unknown}
 o - a scroll of random uselessness {unknown}
 r - 3 scrolls of identify {unknown}
 t - a scroll of recharging {unknown}
 u - a scroll of fear {unknown}
 v - a scroll of enchant armour {unknown}
Potions
 j - 2 potions of might {unknown}
 k - a potion of degeneration {unknown}
 n - a potion of brilliance {unknown}
 p - 3 potions of agility
Books
 q - Vehumet's Compendium of Attacks
   (You found it on level 2 of the Dungeon)

   Spells                             Type                      Level
   a - Magic Dart                     Conjuration                  1
Comestibles
 c - 5 bread rations
 h - a meat ration
 i - 3 chunks of flesh


   Skills:
 + Level 4.7 Fighting
 - Level 1.7(2.7) Axes
 + Level 3.1(3.3) Maces & Flails
 - Level 1.7 Armour
 + Level 3.3 Dodging
 + Level 5.5 Invocations


You had 6 spell levels left.
You didn't know any spells.

Dungeon Overview and Level Annotations

Branches:
Dungeon (4/15)
 Temple: D:4-7

Altars:
Ashenzari
Fedhas
Kikubaaqudgha
Sif Muna
Vehumet


Innate Abilities, Weirdness & Mutations

You have sharp fingernails.
Your flesh is cold resistant. (rC+)
You are immune to rotting.


Message History

You feel sick.
You start resting.
You feel sick. x9
You are no longer poisoned.
You start resting.
Some of the chunks of flesh in your inventory have rotted away.
The ogre shouts!
There is an open door here.
You close the door.
You start resting.
An ogre opens the door.
It is wielding a giant spiked club.
The ogre closely misses you.
There is an open door here.
You hit the ogre.
The ogre is moderately wounded.
The ogre hits you with a giant spiked club!!
* * * LOW HITPOINT WARNING * * *
You sock the ogre!
The ogre is heavily wounded.
The ogre hits you with a giant spiked club!!
You die...

### #<# #.# #.# #########.#
#.........# #.###############
########.####..........######
#...(..(....@O#######..+.....
#.######'####.# .###.##
#.###.....##### ...
#>........... .[..
#.###.....### .O. ..
#.###.....# .. . #.........#
l #.........# #.........#


You could see an ogre.

Vanquished Creatures
  Eustachio (D:4)
  Menkaure (D:4)
  A phantom (D:4)
  An iguana (D:4)
  A worker ant (D:4)
  3 adders (D:2)
  4 gnolls (D:4)
  An ooze (D:2)
  4 worms
  3 leopard geckos
  9 orcs (D:3)
  3 goblins
  9 hobgoblins
  7 jackals
  A quokka (D:3)
  A ball python (D:3)
  A bat (D:2)
  A frilled lizard (D:2)
  9 kobolds
  7 rats
68 creatures vanquished.

Notes
Turn   | Place    | Note
-------+----------+-------------------------------------------
     0 | Abyss:1  | graymark the Demonspawn Abyssal Knight began the quest for the Orb.
     0 | Abyss:1  | Reached XP level 1. HP: 18/18 MP: 2/2
    57 | Abyss:2  | Got a jewelled mace
    58 | Abyss:2  | Identified the +7 mace "Olotuek" {crush, rElec MR+ Str+3} (You found it on level 2 of the Abyss)
    71 | Abyss:2  | Noticed a smoke demon
    73 | D:1      | Escaped the Abyss
   247 | D:1      | Reached skill level 1 in Dodging
   292 | D:1      | Reached * piety under Lugonu
   432 | D:1      | Gained mutation: You have sharp fingernails. [demonic ancestry]
   432 | D:1      | Reached XP level 2. HP: 24/24 MP: 4/4
   836 | D:1      | Reached skill level 3 in Invocations
   972 | D:1      | Reached skill level 1 in Maces & Flails
  1221 | D:2      | Reached XP level 3. HP: 29/29 MP: 5/5
  1356 | D:2      | Found a radiant altar of Vehumet.
  1358 | D:2      | Identified Vehumet's Compendium of Attacks
  1361 | D:2      | Found an ancient bone altar of Kikubaaqudgha.
  1362 | D:2      | Found a deep blue altar of Sif Muna.
  1754 | D:2      | Reached ** piety under Lugonu
  1754 | D:2      | Reached XP level 4. HP: 19/35 MP: 6/6
  2395 | D:3      | Reached skill level 4 in Invocations
  2438 | D:3      | Found a blossoming altar of Fedhas.
  2461 | D:3      | Found a shattered altar of Ashenzari.
  2798 | D:4      | Noticed an ogre
  2848 | D:4      | Noticed Eustachio
  3377 | D:4      | Killed Eustachio
  3377 | D:4      | Gained mutation: Your flesh is cold resistant. (rC+) [demonic ancestry]
  3377 | D:4      | Reached XP level 5. HP: 14/42 MP: 8/8
  3617 | D:4      | Gained mutation: You are immune to rotting. [demonic ancestry]
  3617 | D:4      | Reached XP level 6. HP: 28/48 MP: 9/9
  3746 | D:4      | Noticed Menkaure
  3902 | D:4      | Killed Menkaure
  3902 | D:4      | Reached skill level 5 in Invocations
  4227 | D:4      | Reached XP level 7. HP: 50/55 MP: 11/11
  4356 | D:4      | Slain by an ogre

Vault maps used:
D:1:      doesnt_arrival_eight_statues, grunt_decor_clamped
D:2:      grunt_temple_overflow_magic_moments
D:3:      lemuel_round_altar, first_bread, fedhas_altar_1
D:4:      kennysheep_little_box, trog_wizard, uniq_eustachio, uniq_menkaure,
          uniq_duvessa

Skill      XL: |  1  2  3  4  5  6 |
---------------+-------------------+-----
Dodging        | 1 2 3 |  3.3
Invocations    | 3 4 5 |  5.5
Maces & Flails | 1 2 3 |  3.1
Fighting       | 4 |  4.7
Axes           | |  1.7
Armour         | |  1.7

Action                   |  1- 3 |  4- 6 |  7- 9 || total
-------------------------+-------+-------+-------++-------
Melee: Mace              |    78 |   102 |     6 ||   186
Invok: Depart the Abyss  |     1 |       |       ||     1
  Use: Potion            |     1 |     1 |       ||     2
       Scroll            |     1 |     1 |       ||     2
  Eat: Chunk             |     3 |     7 |     1 ||    11
Armor: Leather armour    |    15 |    19 |       ||    34
Dodge: Dodged            |    47 |    65 |     1 ||   113
